 Dungeon Crawl Stone Soup version 0.28-a0-906-g0406aca7d3 (webtiles) character file.

Game seed: 13583665501449933064

269 siradein the Vexing (level 6, -1/35 HPs)
             Began as a Deep Elf Arcane Marksman on Nov 23, 2021.
             Succumbed to an adder's poison
             ... on level 4 of the Dungeon.
             The game lasted 00:05:55 (3610 turns).

siradein the Vexing (Deep Elf Arcane Marksman)      Turns: 3610, Time: 00:05:55

Health: -1/35      AC:  3    Str:  5 (7)  XL:     6   Next: 1%
Magic:  11/13      EV: 12    Int: 19 (20) God:
Gold:   174        SH:  0    Dex: 13 (15) Spells: 4/11 levels left

rFire   . . .      SeeInvis .   a - +0 shortbow
rCold   . . .      Faith    .   (shield currently unavailable)
rNeg    . . .      Spirit   .   f - +0 leather armour
rPois   .          Reflect  .   (no helmet)
rElec   .          Harm     .   (no cloak)
rCorr   .          Rampage  .   (no gloves)
Will    .....                   (no boots)
Stlth   +.........              (no amulet)
HPRegen 0.11/turn               h - +4 ring of slaying
MPRegen 0.13/turn               (no ring)

@: lethally poisoned (-1 -> -9), invisible
A: no striking features
a: no special abilities


You were on level 4 of the Dungeon.
You visited 1 branch of the dungeon, and saw 4 of its levels.

You collected 174 gold pieces.

Inventory:

Hand Weapons
 a - a +0 shortbow (weapon)
 b - a +0 hunting sling
 o - a +0 rapier
Missiles
 c - 28 arrows (quivered ammo)
 m - 11 stones
Armour
 f - a +0 leather armour (worn)
Jewellery
 h - a +4 ring of slaying (left hand)
Wands
 e - a wand of paralysis (9)
Scrolls
 g - 2 scrolls of identify {unknown}
 i - a scroll of enchant weapon {unknown}
 j - a scroll of amnesia {unknown}
 k - 2 scrolls of noise {unknown}
 q - a scroll of teleportation {unknown}
 r - a scroll of magic mapping {unknown}
Potions
 d - a potion of attraction {unknown}
 n - 4 potions of degeneration
 p - a potion of heal wounds {unknown}


   Skills:
 + Level 2.0 Fighting
 + Level 4.2 Bows
 + Level 3.7 Dodging
 + Level 3.3 Spellcasting
 + Level 5.1 Hexes
 + Level 1.0 Translocations
 + Level 1.9 Fire Magic


You had 4 spell levels left.
You knew the following spells:

 Your Spells              Type           Power      Damage    Failure   Level
a - Slow                  Hex            88%        N/A       3%          1
b - Inner Flame           Hex/Fire       16%        N/A       17%         3
c - Portal Projectile     Hex/Tloc       28%        N/A       21%         3

Your spell library contained the following spells:

 Spells                   Type           Power      Damage    Failure   Level
 Cause Fear               Hex            11%        N/A       30%         4
 Corpse Rot               Necr/Air       6%         N/A       36%         2
 Dispel Undead            Necr           3%         3d7       94%         4
 Death Channel            Necr           1%         N/A       100%        6


Dungeon Overview and Level Annotations

Branches:
Dungeon (4/15)
 Temple: D:4-7

Altars:


Message History

You are no longer poisoned.
The adder misses you. The adder closely misses you.
You shoot a stone. The stone closely misses the adder.
The adder barely misses you.
You shoot a stone. The stone misses the adder.
The adder bites you but does no damage. The adder bites you.
You are poisoned.
The adder poisons you!
You shoot a stone. The stone closely misses the adder.
You feel sick. The adder bites you.
You are more poisoned.
The adder poisons you!
You are too injured to fight recklessly!
You are too injured to fight recklessly!
You are too injured to fight recklessly!
a - a +0 shortbow (weapon)
You feel sick. The adder bites you.
* * * LOW HITPOINT WARNING * * *
You are more poisoned.
The adder poisons you!
Fire: 29 arrows
Press: ? - help, Q - select action, (/) - cycle Shift-Dir - straight line, f/p - adder
Aim: an adder (severely wounded, 51% to hit)
You shoot an arrow. The arrow hits the adder.
You kill the adder!
* * * LOW HITPOINT WARNING * * *
You feel very sick.
Your Translocations skill increases to level 1!
You have reached level 6!
Your experience leads to an increase in your attributes!
Increase (S)trength, (I)ntelligence, or (D)exterity?
You feel clever.
It was a potion of degeneration.
There was something very wrong with that liquid.
You feel weakened.
You feel dopey.
You feel clumsy.
* * * LOW HITPOINT WARNING * * *
You feel very sick.
It was a potion of invisibility.
You fade into invisibility!
You die...

#...(.(..(...#..
#........(...#.##
#.......(.(......
##.....(..........
..................
...........##......
.........(.#....# ..
#.......#@......##..
###......##....###..##
................# ...#
...........###..##...#
...........###..##..#
#........#.......#
#..<.##.....#...##
##...##.....##..#
#.........##..##


There were no monsters in sight!

Vanquished Creatures
  Natasha (thrice) (D:2)
  2 iguanas
  4 gnolls (D:3)
  5 adders
  An adder skeleton (D:2)
  3 dart slugs
  8 endoplasms
  5 giant cockroaches
  5 goblins
  6 jackals (D:1)
  A kobold (D:1)
  A quokka (D:3)
  5 ball pythons
  5 bats
  4 rats
58 creatures vanquished.

Notes
Turn   | Place    | Note
-------+----------+-------------------------------------------
     0 | D:1      | siradein the Deep Elf Arcane Marksman began the quest for
                  | the Orb.
     0 | D:1      | Reached XP level 1. HP: 11/11 MP: 5/5
   134 | D:1      | Reached skill level 1 in Fighting
   187 | D:1      | Reached XP level 2. HP: 16/16 MP: 6/6
   926 | D:1      | Reached XP level 3. HP: 20/20 MP: 8/8
  1468 | D:2      | Learned a level 3 spell: Inner Flame
  1515 | D:2      | Noticed Natasha
  1517 | D:2      | Killed Natasha
  1844 | D:2      | Noticed Natasha
  1851 | D:2      | Killed Natasha
  1852 | D:2      | Reached XP level 4. HP: 14/25 MP: 9/9
  2082 | D:2      | Found a faded altar of an unknown god.
  2364 | D:2      | Noticed Natasha
  2374 | D:2      | Killed Natasha
  2375 | D:2      | Reached skill level 1 in Fire Magic
  2558 | D:3      | Reached XP level 5. HP: 30/30 MP: 9/11
  2609 | D:3      | Learned a level 3 spell: Portal Projectile
  2793 | D:3      | Reached skill level 5 in Hexes
  3609 | D:4      | Reached skill level 1 in Translocations
  3609 | D:4      | Reached XP level 6. HP: 4/35 MP: 11/13
  3609 | D:4      | HP: 1/35 [poisoned by an adder]
  3610 | D:4      | Succumbed to an adder's poison

Illustrated notes

Levels and vault maps discovered:
D:1:      enne_arrival_octagon_isle, layout_basic
D:2:      layout_basic, shapermc_ecumenical_altar_totnotflames, uniq_natasha
D:3:      layout_loops_corners
D:4:      layout_cave_pools, serial_undead, serial_undead_d, serial_undead_c,
          serial_undead_c, serial_undead_d, serial_undead_e, serial_undead_e,
          st_stairs_5

Skill      XL: |  1  2  3  4  5 |
---------------+----------------+-----
Fighting       | 1 2 |  2.0
Bows           | 3 4 |  4.2
Spellcasting   | 2 3 |  3.3
Dodging        | 3 |  3.7
Fire Magic     | 1 |  1.9
Hexes          | 5 |  5.1
Translocations | 1 |  1.0

Action                   |  1- 3 |  4- 6 || total
-------------------------+-------+-------++-------
 Fire: Shortbow          |    16 |     9 ||    25
       Hunting sling     |    69 |    86 ||   155
 Cast: Slow              |       |     3 ||     3
  Use: Potion            |       |     2 ||     2
Armor: Leather armour    |     5 |     6 ||    11
Dodge: Dodged            |    23 |    22 ||    45

Table legend: (Time is in decaauts)
 A = Elapsed time spent in this place.
 B = Non-inter-level travel time spent in this place.
 C = Inter-level travel time spent in this place.
 D = Time resting spent in this place.
 E = Time spent auto-exploring this place.
 F = Levels seen in this place.
 G = Mean time per level.
                   A        B        C        D        E       F      G
               +--------+--------+--------+--------+--------+-----+--------+
         Total |   3641 |   3479 |    162 |      0 |   2894 |   4 |  910.2 |
       Dungeon |   3641 |   3479 |    162 |      0 |   2894 |   4 |  910.2 |
               +--------+--------+--------+--------+--------+-----+--------+

Top non-repeatable levels by time:
     D:2: 1479 daAuts
     D:3: 1069 daAuts
     D:1: 1039 daAuts
     D:4: 52 daAuts
